 Dungeon Crawl Stone Soup version 0.20.1-1-g8b1a95d (webtiles) character file.

33 Knicklaso the Changer (level 3, 0/26 HPs)
             Began as a Merfolk Transmuter on July 15, 2017.
             Succumbed to an adder's poison
             ... on level 2 of the Dungeon.
             The game lasted 00:02:43 (1431 turns).

Knicklaso the Changer (Merfolk Transmuter)          Turns: 1431, Time: 00:02:44

Health: 0/26       AC:  2    Str: 11    XL:     3   Next: 29%
Magic:  5/6        EV: 13    Int: 12    God:
Gold:   136        SH:  0    Dex: 14    Spells: 5/6 levels left

rFire    . . .     SeeInvis .     - Unarmed
rCold    . . .     Gourm    .   (no shield)
rNeg     . . .     Faith    .   b - +0 robe
rPois    .         Spirit   .   (no helmet)
rElec    .         Reflect  .   (no cloak)
rCorr    .         Harm     .   (no gloves)
MR       .....                  (no boots)
Stlth    +.........             (no amulet)
Regen    0.1/turn               (no ring)
MPRegen  0.1/turn               (no ring)

@: lethally poisoned (0 -> -9), appendage
A: change form in water, swift swim, stealthy swim, horns 2
a: End Transformation


You were on level 2 of the Dungeon.
You were not hungry.
You had grown temporary horns.
You visited 1 branch of the dungeon, and saw 2 of its levels.

You collected 136 gold pieces.

Inventory:

Missiles
 a - 58 arrows
Armour
 b - a +0 robe (worn)
Scrolls
 e - a scroll of blinking {unknown}
 j - a scroll of amnesia {unknown}
Potions
 h - a potion of haste {unknown}
 i - a potion of ambrosia {unknown}
 k - a potion of curing {unknown}
Books
 c - a book of Changes

   Spells                             Type                      Level
   a - Beastly Appendage              Transmutation                1
   b - Sticks to Snakes               Transmutation                2
   c - Spider Form                    Transmutation/Poison         3
   d - Ice Form                       Ice/Transmutation            4
   e - Blade Hands                    Transmutation                5
Comestibles
 d - 3 bread rations
 f - 3 meat rations


   Skills:
 - Level 1.1 Fighting
 - Level 2.6 Dodging
 - Level 3.2 Unarmed Combat
 - Level 2.0 Spellcasting
 + Level 4.8 Transmutations


You had 5 spell levels left.
You knew the following spells:

 Your Spells              Type           Power        Failure   Level  Hunger
a - Beastly Appendage     Tmut           ##....       3%          1    ##.....


Dungeon Overview and Level Annotations

Branches:
Dungeon (2/15)

Altars:


Innate Abilities, Weirdness & Mutations

You revert to your normal form in water.
You are very nimble and swift while swimming.
You are very stealthy in the water. (Stealth+)
You have a pair of horns on your head.


Message History

You headbutt the adder, but do no damage.
The adder closely misses you.
You closely miss the adder. Your headbutt misses the adder.
The adder bites you.
* * * LOW HITPOINT WARNING * * *
You hit the adder.
The adder is moderately wounded.
The adder bites you.
* * * LOW HITPOINT WARNING * * *
The adder bites you.
* * * LOW HITPOINT WARNING * * *
You are more poisoned.
The adder poisons you!
You hit the adder. Your headbutt misses the adder.
The adder is heavily wounded.
* * * LOW HITPOINT WARNING * * *
You feel sick. The adder closely misses you.
You hit the adder. You headbutt the adder.
You kill the adder!
You die...

#.......#
##.#.####.......
#.#...#.# ###.#
##.....# #.###.#.#
#.# ##...##
#.###.#.# #.# ##'##
#...)...# #####.#
#.# #####.### #..
..# #.# #.# #.# ###
##.## #.# ###.####
##...## #.#
#.@....######.....#
#####.#
#.#.#.......##.....
......#
#$#.#..####.###....
#######
#.#.......#.###<...
#.###..##..........
#. #..####.###....
#.###.......# #....
########
#......###### #.###
.......# ########
#.#


There were no monsters in sight!

Vanquished Creatures
  An adder (D:2)
  3 bats (D:1)
  A giant cockroach (D:1)
  2 goblins (D:1)
  6 hobgoblins
  3 kobolds
  A quokka (D:2)
  3 frilled lizards (D:2)
  2 rats
22 creatures vanquished.

Notes
Turn   | Place    | Note
-------+----------+-------------------------------------------
     0 | D:1      | Knicklaso the Merfolk Transmuter began the quest for the Orb.
     0 | D:1      | Reached XP level 1. HP: 15/15 MP: 3/3
    90 | D:1      | Reached skill level 3 in Transmutations
   377 | D:1      | Reached XP level 2. HP: 20/21 MP: 5/5
   606 | D:1      | Reached skill level 4 in Transmutations
  1337 | D:2      | Reached XP level 3. HP: 20/26 MP: 4/6
  1430 | D:2      | HP: 1/26 [poisoned by an adder]
  1431 | D:2      | Succumbed to an adder's poison

Skill      XL: |  1  2 |
---------------+-------+-----
Transmutations | 3 4 |  4.8
Fighting       | |  1.1
Dodging        | |  2.6
Unarmed Combat | |  3.2
Spellcasting   | |  2.0

Action                   || total
-------------------------++-------
Melee: Unarmed           ||    75
       Headbutt          ||     6
 Cast: Beastly Appendage ||     6
 Stab: Sleeping          ||     1
  Eat: Chunk             ||     2
Armor: Robe              ||    12
Dodge: Dodged            ||    51
